 Dungeon Crawl Stone Soup version 0.27.1-1-g398f81649c (webtiles) character file.

Game seed: 16255501800963584185

29 bnorton916 the Conjurer (level 3, -2/19 HPs)
             Began as a Deep Elf Conjurer on Sept 20, 2021.
             Slain by an orc priest (7 damage)
             ... on level 2 of the Dungeon.
             The game lasted 00:01:44 (2049 turns).

bnorton916 the Conjurer (Deep Elf Conjurer)         Turns: 2049, Time: 00:01:45

Health: -2/19      AC:  2    Str:  4    XL:     3   Next: 1%
Magic:  5/10       EV: 12    Int: 23    God:
Gold:   102        SH:  0    Dex: 13    Spells: 7/10 levels left

rFire    . . .     SeeInvis .   (no weapon)
rCold    . . .     Faith    .   (no shield)
rNeg     + . .     Spirit   .   a - +0 robe
rPois    .         Reflect  .   (no helmet)
rElec    .         Harm     .   (no cloak)
rCorr    .         Rampage  .   (no gloves)
Will     .....                  (no boots)
Stlth    ++........             (no amulet)
HPRegen  0.06/turn              g - ring of positive energy
MPRegen  0.12/turn              (no ring)

@: no status effects
A: no striking features
a: no special abilities


You were on level 2 of the Dungeon.
You visited 1 branch of the dungeon, and saw 3 of its levels.

You collected 102 gold pieces.

Inventory:

Missiles
 j - 2 throwing nets
Armour
 a - a +0 robe (worn)
Jewellery
 g - a ring of positive energy (left hand)
Scrolls
 b - 3 scrolls of fog {unknown}
 c - a scroll of teleportation {unknown}
 d - 2 scrolls of noise {unknown}
 e - 3 scrolls of identify {unknown}
 i - a scroll of acquirement {unknown}
Potions
 f - a potion of invisibility {unknown}
 h - 2 potions of heal wounds {unknown}
 k - a potion of berserk rage {unknown}
 l - a potion of brilliance {unknown}


   Skills:
 - Level 2.4 Dodging
 - Level 2.4 Stealth
 + Level 4.0 Spellcasting
 + Level 5.0 Conjurations


You had 7 spell levels left.
You knew the following spells:

 Your Spells              Type           Power      Damage    Failure   Level
a - Magic Dart            Conj           100%       1d8       1%          1
b - Searing Ray           Conj           54%        3d5       1%          2

Your spell library contained the following spells:

 Spells                   Type           Power      Damage    Failure   Level
 Dazzling Flash           Conj/Hex       32%        N/A       11%         3
 Ozocubu's Armour         Ice            4%         N/A       30%         3
 Fulminant Prism          Conj/Hex       8%         3d7       36%         4
 Iskenderun's Mystic Bla  Conj/Tloc      16%        2d5       36%         4
 Ozocubu's Refrigeration  Ice            2%         4d5       100%        7


Dungeon Overview and Level Annotations

Branches:
Dungeon (3/15)

Altars:


Message History

There is a stone staircase leading down here.
You climb downwards.
You hear the sound of rushing water.
There is an entrance to a sewer on this level.
Hurry and find it before the portal rusts away!
The kobold shouts!
Found 15 stones.
There is a stone staircase leading up here.
Casting: Magic Dart (safe; 1% risk of failure)
Confirm with . or Enter, or press ? or * to list all spells.
Aiming: Searing Ray (safe; 1% risk of failure)
Press: ? - help, Shift-Dir - straight line, f - orc priest
Aim: an orc priest, wielding a +0 short sword and wearing a +0 scale mail (wandering, hasn't noticed you, 82% to hit)
The searing ray hits the orc priest.
The orc priest is moderately wounded. (Press . to maintain the ray.)
The orc wizard shouts!
The orc shouts! x3
The orc priest hits you with a +0 short sword.
The kobold throws a poisoned dart.
The poisoned dart misses you.
The orc wizard hits you with a +0 dagger.
The orc priest hits you with a +0 short sword.
You climb upwards.
There is a stone staircase leading down here.
Unknown command.
Casting: Searing Ray (safe; 1% risk of failure)
Confirm with . or Enter, or press ? or * to list all spells.
Aiming: Searing Ray (safe; 1% risk of failure)
Press: ? - help, Shift-Dir - straight line, f - orc priest
Aim: an orc priest, wielding a +0 short sword and wearing a +0 scale mail (moderately wounded, 82% to hit)
The searing ray hits the orc priest!
The orc priest is almost dead. (Press . to maintain the ray.)
The orc priest hits you with a +0 short sword.
* * * LOW HITPOINT WARNING * * *
The orc wizard mumbles some strange words.
The orc wizard flickers and vanishes!
Deactivating autopickup; reactivate with Ctrl-A.
The searing ray hits the orc priest.
The orc priest is almost dead.
The orc priest hits you with a +0 short sword!
You die...

...............# #...
.#############.# #.## .# #.# #.#.
.# #.# #.#. .# #.# #(#. .# #.#
#.#. .# #.# #.#<
.#############.###############.#.
...............{@o...........#.#.
.#.###########.#############.#.#.
.#.# #.# #.#.#. .#.#
#.#############.#.#. .#.########
#.............#.#.#. .#........#
#############)#.#.#. .#........#
#.....# #.#.#.#. ##........#
#.###.# #.#.#...
..........########.# #.###.#.....


You could see an orc priest.

Vanquished Creatures
  A worm (D:2)
  6 endoplasms
  5 kobolds
  2 quokkas
  3 ball pythons
  3 bats (D:1)
  2 frilled lizards
  A goblin (D:1)
  4 rats
27 creatures vanquished.

Notes
Turn   | Place    | Note
-------+----------+-------------------------------------------
     0 | D:1      | bnorton916 the Deep Elf Conjurer began the quest for the
                  | Orb.
     0 | D:1      | Reached XP level 1. HP: 10/10 MP: 6/6
   290 | D:1      | Reached XP level 2. HP: 15/15 MP: 2/8
   994 | D:2      | Learned a level 2 spell: Searing Ray
  1407 | D:2      | Reached skill level 5 in Conjurations
  1460 | D:2      | Found a faded altar of an unknown god.
  1484 | D:2      | Reached XP level 3. HP: 19/19 MP: 8/10
  2049 | D:2      | Slain by an orc priest

Illustrated notes

Levels and vault maps discovered:
D:1:      onia_arrival_mini_spirals, layout_basic
D:2:      layout_basic, shapermc_ecumenical_altar_starsandcircs
D:3:      layout_basic, mainiacjoe_overflow_tiny_flanked,
          cheibrodos_sewer_entry_sluice, uniq_jessica

Skill      XL: |  1  2 |
---------------+-------+-----
Spellcasting   | 4 |  4.0
Conjurations   | 5 |  5.0
Dodging        | |  2.4
Stealth        | |  2.4

Action                   || total
-------------------------++-------
 Cast: Magic Dart        ||    53
       Searing Ray       ||     2
Armor: Robe              ||     3
Dodge: Dodged            ||     5
